 Dungeon Crawl Stone Soup version 0.32-a0-996-gb3226c233f (webtiles) character file.

Game seed: 12476532775015785636

996 ezpacito the Chopper (level 8, -1/61 HPs)
             Began as a Coglin Chaos Knight on Apr 22, 2024.
             Was a Plaything of Xom.
             Slain by a gnoll
             ... wielding a +0 flail
              (7 damage)
             ... on level 4 of the Dungeon on Apr 23, 2024.
             The game lasted 00:07:59 (4255 turns).

ezpacito the Chopper (Coglin Chaos Knight)          Turns: 4255, Time: 00:08:00

Health: -1/61      AC: 11    Str: 15 (16) XL:     8   Next: 19%
Magic:  10/10      EV:  7    Int:  9 (11) God:    Xom [..*...]
Gold:   194        SH:  0    Dex: 13      Spells: 10/10 levels left

rFire   . . .        a - +0 hand axe (chaos) {Nari}
rCold   . . .        w - +2 spear (freeze) {Luis}
rNeg    . . .        n - +0 chain mail
rPois   .            u - +1 helmet
rElec   .            (no cloak)
rCorr   .            (no gloves)
SInv    .            (no boots)
Will    .....        (amulet unavailable) Stlth
                     (ring unavailable)
HPRegen 0.30/turn    (ring unavailable)
MPRegen 0.12/turn    (no gizmo)

%: no passive effects
@: revved
A: off-hand wielding, slow wielding, warmup strikes, no jewellery
a: Invent Gizmo, Renounce Religion


You were on level 4 of the Dungeon.
You worshipped Xom.
You were a toy of Xom.
You visited 1 branch of the dungeon, and saw 4 of its levels.

You collected 194 gold pieces.

Inventory:

Hand Weapons
 a - a +0 hand axe of chaos (weapon) {Nari}
 c - a +0 antimagic hand axe
 g - a +0 war axe
 l - a +0 trident {Paullus}
 w - a +2 spear of freezing (offhand) {Luis}
Missiles
 d - a curare-tipped dart
 j - 3 boomerangs
 p - 11 poisoned darts (quivered)
Armour
 n - a +0 chain mail (worn)
 o - a +0 plate armour
 u - a +1 helmet (worn)
Magical Staves
 f - a staff of death
 q - a staff of earth
Talismans
 m - a serpent talisman
Wands
 s - a wand of warping (11)
Scrolls
 e - a scroll of immolation {unknown}
 h - a scroll of enchant armour {unknown}
 i - 3 scrolls of identify
 k - 3 scrolls of fog
 r - a scroll of blinking {unknown}
 v - a scroll of revelation {unknown}
 x - a scroll of vulnerability {unknown}
Potions
 b - a potion of lignification
 t - a potion of haste {unknown}


   Skills:
 * Level 4.5 Fighting
 * Level 4.5(5.0) Axes
 * Level 2.7(3.9) Polearms
 + Level 1.4 Throwing
 * Level 3.4 Armour
 * Level 3.1 Dodging
 + Level 1.5 Stealth
 + Level 1.7 Spellcasting
 + Level 1.8 Necromancy
 + Level 2.8 Evocations


You had 10 spell levels left.
You didn't know any spells.
Your spell library contained the following spells:

 Spells                   Type           Power      Damage    Failure   Level
 Summon Ice Beast         Ice/Summ       0%         N/A       100%        3
 Summon Mana Viper        Hex/Summ       0%         N/A       100%        5
 Monstrous Menagerie      Summ           0%         N/A       100%        7


Dungeon Overview and Level Annotations

Branches:
Dungeon (4/15)             Temple (0/1) D:4

Altars:
Gozag
Zin


Innate Abilities, Weirdness & Mutations

You can wield a second weapon in your off-hand.
It takes a long time for you to wield or remove held weapons.
Your first few attacks do less damage.
You cannot equip rings or amulets.


Message History

You freeze the orc.
You kill the orc!
You closely miss the gnoll with your +0 hand axe of chaos.
The orc barely misses you. The gnoll hits you with a +0 halberd.
The gnoll hits you but does no damage.
You take 1 damage, and have 19/61 hp.
You hit the gnoll with your +2 spear of freezing.
You freeze the gnoll.
The gnoll is severely wounded.
You hit the gnoll with your +0 hand axe of chaos.
You kill the gnoll!
You barely miss the gnoll with your +0 hand axe of chaos.
The orc completely misses you. The gnoll closely misses you.
You hit the gnoll with your +2 spear of freezing.
You freeze the gnoll.
The gnoll is moderately wounded.
You barely miss the gnoll with your +0 hand axe of chaos.
You hit the gnoll but do no damage. The orc closely misses you.
The gnoll hits you with a +0 whip.
* * * LOW HITPOINT WARNING * * *
The gnoll hits you with a +0 flail.
* * * LOW HITPOINT WARNING * * *
You take 4 damage, and have 15/61 hp.
You barely miss the gnoll with your +0 hand axe of chaos.
The gnoll is moderately wounded.
You hit the gnoll with your +0 hand axe of chaos.
The gnoll appears confused.
You hit the gnoll but do no damage. The orc hits you but does no damage.
The gnoll hits you but does no damage. The gnoll hits you with a +0 flail!
* * * LOW HITPOINT WARNING * * *
You take 9 damage, and have 6/61 hp.
You hit the gnoll with your +2 spear of freezing.
You freeze the gnoll.
The gnoll is severely wounded.
You closely miss the gnoll with your +0 hand axe of chaos.
You strike the helpless gnoll from behind!
You hit the gnoll but do no damage. The orc barely misses you.
The gnoll hits you with a +0 flail!
You die... "It's all fun and games until someone loses an eye."

~~~~~~≈~~~~~~~~~~~~~≈~....#
≈~≈≈~~≈~≈≈≈~≈≈~≈~≈≈≈≈~....#
~~≈~~~~~~~≈~~~~#####≈~....#
..........†....#...#≈~....#
################...#≈~....#
..'....... , #'###≈≈....#
''######### , ,#o#.≈≈~....#
..........#, , #)#.~≈≈....#
..........######@#.≈≈~....#
..........'....g.#.~~~....#
..........'....)g#.~≈~..P.#
')##############.#.~≈~....#
.÷)#######..#..#.#.~≈~....#
.)[)))...'..').#.#.≈≈~....#
)..#######..#..#'###≈≈....#
'''#############...#≈~P...#
...............#..g#≈~....#


You could see 2 gnolls and an orc.

Vanquished Creatures
  An ogre (D:4)
  A centaur (D:4)
  A kobold brigand (D:4)
  Blork the orc (D:4)
  A scorpion (D:4)
  4 bombardier beetles
  2 hounds (D:4)
  An orc priest (D:4)
  A gnoll bouda (D:4)
  Ijyb (D:3)
  Robin (D:3)
  4 adders
  16 gnolls
  3 dart slugs
  A ribbon worm (D:3)
  22 orcs
  4 bats
  6 endoplasms
  A giant cockroach (D:2)
  12 hobgoblins
  17 jackals
  3 quokkas
  5 ball pythons
  6 frilled lizards
  13 goblins
  7 kobolds
  A rat (D:2)
136 creatures vanquished.

Vanquished Creatures (collateral kills)
  A quokka (D:3)
1 creature vanquished.

Vanquished Creatures (others)
  A quokka (D:3)
1 creature vanquished.

Grand Total: 138 creatures vanquished

Notes
Turn   | Place    | Note
-------+----------+-------------------------------------------
     0 | D:1      | ezpacito the Coglin Chaos Knight began the quest for the
                  | Orb.
     0 | D:1      | Reached XP level 1. HP: 18/18 MP: 1/1
    15 | D:1      | Reached skill level 1 in Dodging
   118 | D:1      | Found a faded altar of an unknown god.
   195 | D:1      | Reached XP level 2. HP: 24/24 MP: 2/2
   526 | D:1      | Reached XP level 3. HP: 29/29 MP: 3/3
   667 | D:1      | XOM: silly message
   736 | D:1      | XOM: silly message
   776 | D:1      | Upgraded the game from 0.32-a0-995-gb4a59205af to
                  | 0.32-a0-996-gb3226c233f
   878 | D:1      | XOM: silly message
  1085 | D:2      | XOM: divination: detect items
  1302 | D:2      | XOM: silly message
  1359 | D:2      | Found an opulent altar of Gozag.
  1391 | D:2      | XOM: silly message
  1444 | D:2      | XOM: divination: detect items
  1504 | D:3      | Reached XP level 4. HP: 20/35 MP: 4/4
  1709 | D:2      | Reached skill level 1 in Polearms
  1772 | D:3      | XOM: silly message
  1880 | D:3      | Reached skill level 1 in Evocations
  1880 | D:3      | Reached XP level 5. HP: 22/41 MP: 5/5
  1952 | D:3      | Noticed Ijyb
  1961 | D:3      | XOM: cast spell 'Summon Ice Beast'
  1970 | D:3      | Killed Ijyb
  2266 | D:3      | Found a glowing silver altar of Zin.
  2289 | D:3      | Noticed Robin
  2305 | D:3      | Killed Robin
  2311 | D:3      | Reached skill level 1 in Necromancy
  2604 | D:4      | Found a staircase to the Ecumenical Temple.
  2621 | D:4      | Reached skill level 1 in Spellcasting
  2649 | D:4      | XOM: silly message
  2652 | D:4      | Reached XP level 6. HP: 29/48 MP: 7/7
  2778 | D:4      | Reached skill level 1 in Stealth
  2803 | D:4      | XOM: potion effect (haste)
  3015 | D:4      | XOM: divination: detect creatures
  3472 | D:4      | Reached XP level 7. HP: 54/54 MP: 7/9
  3657 | D:4      | Reached skill level 1 in Throwing
  3712 | D:4      | XOM: 2-stop teleportation journey
  3758 | D:4      | Noticed Blork the orc
  3783 | D:4      | XOM: confuse monster(s)
  3792 | D:4      | Killed Blork the orc
  3795 | D:4      | Reached XP level 8. HP: 47/61 MP: 10/10
  3991 | D:4      | HP: 1/91 [gnoll/+0 halberd (5)]
  4223 | D:4      | XOM: divination: magic mapping
  4255 | D:4      | Slain by a gnoll

Illustrated notes

Levels and vault maps discovered:
D:1:      lightli_iron_boxes, layout_basic,
          hellmonk_ecumenical_altar_inner_sanctum
D:2:      layout_rooms, basic_altar
D:3:      minmay_spotlight, layout_rooms,
          mainiacjoe_overflow_concentric_impassable, uniq_robin, uniq_ijyb
D:4:      lemuel_castle_with_subvaults [lemuel_castle_interior_original],
          layout_basic, temple_pool_b, minmay_unequal, uniq_blork_the_orc

Skill      XL: |  1  2  3  4  5  6  7  8 |
---------------+-------------------------+-----
Dodging        | 1 2 3 |  3.1
Armour         | 2 3 |  3.4
Polearms       | 1 2 |  2.7
Evocations     | 1 2 |  2.8
Necromancy     | 1 |  1.8
Spellcasting   | 1 |  1.7
Stealth        | 1 |  1.5
Fighting       | 4 |  4.5
Axes           | 4 |  4.5
Throwing       | 1 |  1.4

Action                     |  1- 3 |  4- 6 |  7- 9 || total
---------------------------+-------+-------+-------++-------
  Melee: Hand axe          |    94 |   148 |    76 ||   318
         Dagger            |    83 |    10 |       ||    93
         Spear             |       |   165 |    60 ||   225
         Trident           |       |       |    18 ||    18
  Evoke: Wand              |       |       |     1 ||     1
    Use: Scroll            |     1 |       |     2 ||     3
         Potion            |       |     2 |     7 ||     9
   Stab: Confused          |       |     1 |     2 ||     3
         Distracted        |       |     1 |       ||     1
         Paralysed         |       |     1 |       ||     1
 Armour: Leather armour    |    54 |       |       ||    54
         Chain mail        |    20 |   139 |   115 ||   274
         Skin              |       |     5 |     3 ||     8
  Dodge: Dodged            |    59 |    53 |    47 ||   159

Table legend: (Time is in decaauts)
 A = Elapsed time spent in this place.
 B = Non-inter-level travel time spent in this place.
 C = Inter-level travel time spent in this place.
 D = Time resting spent in this place.
 E = Time spent auto-exploring this place.
 F = Levels seen in this place.
 G = Mean time per level.
                   A        B        C        D        E       F      G
               +--------+--------+--------+--------+--------+-----+--------+
         Total |   4281 |   4003 |    278 |    396 |   2751 |   4 | 1070.2 |
       Dungeon |   4281 |   4003 |    278 |    396 |   2751 |   4 | 1070.2 |
               +--------+--------+--------+--------+--------+-----+--------+

Top non-repeatable levels by time:
     D:4: 1663 daAuts
     D:3: 931 daAuts
     D:1: 928 daAuts
     D:2: 758 daAuts
